 Dungeon Crawl Stone Soup version 0.29-a0-364-g921d912d32 (webtiles) character file.

Game seed: 9297753248712892138

273 ptdevnull the Archer (level 6, -7/50 HPs)
             Began as a Minotaur Hunter on May 1, 2022.
             Was an Initiate of Okawaru.
             Mangled by an ogre
             ... wielding a +0 giant club
              (16 damage)
             ... on level 4 of the Dungeon.
             The game lasted 00:05:41 (3900 turns).

ptdevnull the Archer (Minotaur Hunter)              Turns: 3900, Time: 00:05:42

Health: -7/50      AC:  7    Str: 18    XL:     6   Next: 3%
Magic:  0/5        EV: 11    Int:  6    God:    Okawaru [......]
Gold:   236        SH:  0    Dex: 13    Spells: 5/5 levels left

rFire   . . .      SeeInvis .   a - +1 shortbow
rCold   . . .      Faith    .   (shield currently unavailable)
rNeg    . . .      Spirit   +   h - +0 ring mail
rPois   .          Reflect  .   (helmet restricted)
rElec   .          Harm     .   q - +0 cloak
rCorr   +          Rampage  .   (no gloves)
Will    .....                   g - +0 pair of boots
Stlth   +.........              p - amulet of guardian spirit
HPRegen 0.16/turn               f - ring of flight
MPRegen 0.09/turn               t - ring of resist corrosion

@: flying
A: horns 2, retaliatory headbutt
a: Renounce Religion


You were on level 4 of the Dungeon.
You worshipped Okawaru.
Okawaru was noncommittal.
You visited 2 branches of the dungeon, and saw 5 of its levels.

You collected 236 gold pieces.

Inventory:

Hand Weapons
 a - a +1 shortbow (weapon)
 i - a +1 antimagic spear
 m - a +2 short sword of speed
Armour
 g - a +0 pair of boots (worn)
 h - a +0 ring mail (worn)
 j - a scarf of invisibility
 q - a +0 cloak (worn)
Jewellery
 f - a ring of flight (left hand)
 p - an amulet of guardian spirit (around neck)
 t - a ring of resist corrosion (right hand)
Wands
 u - a wand of paralysis (12)
Scrolls
 b - a scroll of fear {unknown}
 c - 2 scrolls of immolation
 k - a scroll of silence {unknown}
 l - 4 scrolls of identify {unknown}
 r - a scroll of noise {unknown}
Potions
 d - a potion of ambrosia {unknown}
 e - 2 potions of lignification {unknown}
 n - a potion of resistance {unknown}
 o - 2 potions of heal wounds {unknown}
 s - a potion of might {unknown}


   Skills:
 - Level 2.4 Fighting
 + Level 8.0 Bows
 - Level 2.1 Dodging
 - Level 0.7 Stealth


You had 5 spell levels left.
You didn't know any spells.
Your spell library contained the following spells:

 Spells                   Type           Power      Damage    Failure   Level
 Beastly Appendage        Tmut           0%         N/A       65%         1
 Pain                     Necr           0%         1d4       65%         1
 Wereblood                Tmut           0%         N/A       80%         2
 Confusing Touch          Hex            0%         N/A       95%         3
 Inner Flame              Hex/Fire       0%         N/A       95%         3
 Spider Form              Tmut/Pois      0%         N/A       95%         3
 Vampiric Draining        Necr           0%         2d6       95%         3
 Animate Skeleton         Necr           Unusable   N/A       N/A         1

Dungeon Overview and Level Annotations

Branches:
Dungeon (4/15)             Temple (1/1) D:4

Altars:
Dithmenos
Elyvilon
Fedhas
Hepliaklqana
Kikubaaqudgha
Makhleb
Okawaru
Qazlal
Ru
Uskayaw
Wu Jian
Zin
The Shining One


Innate Abilities, Weirdness & Mutations

You have a pair of horns on your head.
You reflexively headbutt those who attack you in melee.


Message History

You kill the goblin!
Okawaru accepts your kill.
You shoot an arrow. The arrow hits the ogre.
The ogre is lightly wounded.
The ogre barely misses you.
You shoot an arrow. The arrow hits the ogre.
The ogre is lightly wounded.
The ogre hits you with a +0 giant club.
You shoot an arrow. The arrow hits the ogre!
The ogre is moderately wounded.
The ogre hits you with a +0 giant club!
You shoot an arrow. The arrow barely misses the ogre.
The arrow hits the goblin!
You kill the goblin!
Okawaru accepts your kill. The ogre completely misses you.
You shoot an arrow. The arrow completely misses the ogre.
Unknown command.
You shoot an arrow.
The arrow hits the ogre but does no damage.
The ogre is moderately wounded.
The ogre hits you with a +0 giant club!!
Ouch! That really hurt!
* * * LOW HITPOINT WARNING * * *
You are too injured to fight recklessly!
You are too injured to fight recklessly!
Shoot: a) +1 shortbow
Press: ? - help, Q - select action, (/) - cycle Shift-Dir - straight line, f/p - ogre
Aim: an ogre, wielding a +0 giant club (moderately wounded, 77% to hit)
You shoot an arrow. The arrow hits the ogre!
The ogre is severely wounded.
The ogre misses you. You furiously retaliate!
You headbutt the ogre, but do no damage.
Shoot: a) +1 shortbow
Press: ? - help, Q - select action, (/) - cycle Shift-Dir - straight line, f/p - ogre
Aim: an ogre, wielding a +0 giant club (severely wounded, 77% to hit)
You shoot an arrow. The arrow hits the ogre.
The ogre is severely wounded.
The ogre hits you with a +0 giant club!
You die...

.......
#.#####..# #.#
.......
#.#####..##
#.#### ######.
#.^......<#
#.....
##.####.#.#
#####.
#.####.#.# #. #
#......#.# #. #
#..#####.# #) #
#.#
##..#####.######
#. # #.#
#.)))O@........#
#. # #.#
#'##########.#.#
#. # #.# #...
#.#.# #. # #.#


#Ogg# #.#.# #. ###.# #.gg# #.#.# #. .##.########### #.#.# #. ............(.#
#.#.# #. .##.########..########.#.# #. ###.....................(# #. You could
see an ogre.

Vanquished Creatures
  A water moccasin (D:4)
  3 gnolls (D:3)
  4 adders
  A worm (D:2)
  3 dart slugs
  9 orcs
  5 bats
  6 endoplasms
  4 giant cockroaches
  14 goblins
  11 hobgoblins
  3 jackals (D:4)
  2 quokkas
  A ball python (D:4)
  4 frilled lizards
  2 kobolds
  9 rats
82 creatures vanquished.

Notes
Turn   | Place    | Note
-------+----------+-------------------------------------------
     0 | D:1      | ptdevnull the Minotaur Hunter began the quest for the Orb.
     0 | D:1      | Reached XP level 1. HP: 18/18 MP: 0/0
   151 | D:1      | Reached XP level 2. HP: 25/25 MP: 1/1
   197 | D:1      | Reached skill level 5 in Bows
   949 | D:2      | Found a faded altar of an unknown god.
   991 | D:2      | Reached XP level 3. HP: 27/30 MP: 2/2
  1034 | D:2      | Got the Disquisition on Enchantment and Changing
  1282 | D:2      | Found a stormy altar of Qazlal.
  1825 | D:3      | Reached skill level 6 in Bows
  1896 | D:3      | Reached XP level 4. HP: 37/37 MP: 3/3
  3098 | D:4      | Reached skill level 7 in Bows
  3098 | D:4      | Reached XP level 5. HP: 42/42 MP: 4/4
  3165 | D:4      | Found an ancient bone altar of Kikubaaqudgha.
  3257 | D:4      | Noticed a water moccasin
  3280 | D:4      | Killed a water moccasin
  3368 | D:4      | Reached skill level 8 in Bows
  3477 | D:4      | Found a staircase to the Ecumenical Temple.
  3486 | Temple   | Entered the Ecumenical Temple
  3830 | Temple   | Became a worshipper of Warmaster Okawaru
  3878 | D:4      | Noticed an ogre
  3886 | D:4      | Reached XP level 6. HP: 50/50 MP: 5/5
  3900 | D:4      | Mangled by an ogre

Illustrated notes

Levels and vault maps discovered:
D:1:      wander_arrival_lonely_grave, layout_basic
D:2:      layout_basic, basic_ecumenical_altar, basic_altar,
          kennysheep_generic_room_4
D:3:      layout_loops_corners, kennysheep_doodads,
          nicolae_concentric_dashed_squares_mild
D:4:      layout_loops_ring, mainiacjoe_overflow_concentric_impassable,
          temple_doors_ab, minmay_ogre_servants, uniq_eustachio
Temple:   hc_temple_tempest_star

Skill      XL: |  1  2  3  4  5 |
---------------+----------------+-----
Bows           | 5 6 7 8 |  8.0
Fighting       | |  2.4
Dodging        | |  2.1
Stealth        | |  0.7

Action                   |  1- 3 |  4- 6 || total
-------------------------+-------+-------++-------
Melee: Short sword       |       |     4 ||     4
 Fire: Shortbow          |   119 |   138 ||   257
Armor: Leather armour    |     2 |       ||     2
       Ring mail         |    18 |    31 ||    49
Dodge: Dodged            |    29 |    42 ||    71

Table legend: (Time is in decaauts)
 A = Elapsed time spent in this place.
 B = Non-inter-level travel time spent in this place.
 C = Inter-level travel time spent in this place.
 D = Time resting spent in this place.
 E = Time spent auto-exploring this place.
 F = Levels seen in this place.
 G = Mean time per level.
                   A        B        C        D        E       F      G
               +--------+--------+--------+--------+--------+-----+--------+
         Total |   3967 |   3736 |    231 |    342 |   2820 |   5 |  793.4 |
       Dungeon |   3605 |   3403 |    202 |    342 |   2500 |   4 |  901.2 |
        Temple |    362 |    333 |     29 |      0 |    320 |   1 |  362.0 |
               +--------+--------+--------+--------+--------+-----+--------+

Top non-repeatable levels by time:
     D:3: 1304 daAuts
     D:2: 903 daAuts
     D:1: 902 daAuts
     D:4: 493 daAuts
  Temple: 362 daAuts
